 Dungeon Crawl Stone Soup version 0.31.0-11-ge490571c62 (webtiles) character file.

Game seed: 14282057138299810273

399 Killerpretzel the Changeling (level 6, -15/42 HPs)
             Began as an Octopode Shapeshifter on Feb 7, 2024.
             Demolished by an ogre
             ... wielding a +0 giant spiked club
              (29 damage)
             ... on level 5 of the Dungeon.
             The game lasted 00:15:25 (4201 turns).

Killerpretzel the Changeling (OpSh)                 Turns: 4201, Time: 00:15:26

Health: -15/42     AC:  5    Str: 13    XL:     6   Next: 84%
Magic:  0/6        EV: 14    Int: 13    God:
Gold:   178        SH:  0    Dex: 13    Spells: 5/5 levels left

rFire   + .          .
                       - Unarmed
rCold   . . .        (no shield)
rNeg    . . .        (helmet currently unavailable)
rPois   .            u - amulet of guardian spirit
rElec   .            s - ring of protection from fire
rCorr   .            h - +4 ring of protection
SInv    .            (no ring)
Will    .....        (no ring)
Stlth   ++           (no ring)
HPRegen 0.27/turn    (no ring)
MPRegen 0.10/turn    (no ring)
                     (no ring)

%: guardian spirit
@: beast-form
A: beast (slay +2), almost no armour, amphibious, 8 rings, camouflage 1,
gelatinous body 1, (nimble swimmer 1), tentacles
a: Begin Untransformation


You were on level 5 of the Dungeon.
You were a hulking beast.
You visited 1 branch of the dungeon, and saw 5 of its levels.

You collected 178 gold pieces.

Inventory:

Hand Weapons
 j - the +6 hand axe of the Egg {protect, rF+ rCorr Int+4}
   (You found it on level 5 of the Dungeon)

   Int+4:     It affects your intelligence (+4).
   rF+:       It protects you from fire.
   rCorr:     It protects you from acid and corrosion.
Missiles
 k - 8 boomerangs (quivered)
Jewellery
 h - a +4 ring of protection (right tentacle)
 s - a ring of protection from fire (left tentacle)
 u - an amulet of guardian spirit (around mantle)
Talismans
 b - a beast talisman
 c - a flux talisman
Wands
 a - a wand of flame (22)
 o - a wand of iceblast (1)
Scrolls
 d - a scroll of teleportation
 e - a scroll of revelation
 m - 2 scrolls of identify
 n - a scroll of enchant weapon
 q - a scroll of vulnerability
Potions
 f - 3 potions of enlightenment
 g - 3 potions of brilliance
 i - a potion of heal wounds {unknown}
 r - a potion of haste {unknown}
 t - a potion of degeneration {unknown}


   Skills:
 + Level 3.0 Fighting
 + Level 3.5 Dodging
 + Level 4.2 Unarmed Combat
 * Level 4.9 Shapeshifting


You had 5 spell levels left.
You didn't know any spells.
Your spell library contained the following spells:

 Spells                   Type           Power      Damage    Failure   Level
 Sandblast                Erth           0%         2d4       30%         1
 Sting                    Conj/Alch      0%         1d3       30%         1
 Mercury Vapours          Alch/Air       0%         N/A       43%         2
 Static Discharge         Conj/Air       0%         3-3/arc   43%         2
 Passwall                 Erth           0%         N/A       67%         3
 Stone Arrow              Conj/Erth      0%         3d7       67%         3
 Airstrike                Air            0%         2d(0-16)  97%         4
 Brom's Barrelling Bould  Conj/Erth      0%         2d3       97%         4
 Olgreb's Toxic Radiance  Alch           0%         N/A       97%         4
 Summon Lightning Spire   Summ/Air       0%         N/A       97%         4


Dungeon Overview and Level Annotations

Branches:
Dungeon (5/15)
 Temple: D:4-7

Altars:
Fedhas
Nemelex Xobeh
Qazlal
Uskayaw
Wu Jian
Zin

Shops:
D:4 :

Annotations:
D:4 1 runed translucent door, Crazy Yiuf, Edmund, Pikel


Innate Abilities, Weirdness & Mutations

You are a hulking beast.
Your limbs bulge with bestial killing power. (Slay +2)
You cannot wear most types of armour.
You are amphibious.
You can wear up to eight rings at the same time.
Your skin changes colour to match your surroundings (Stealth+).
Your rubbery body absorbs attacks. (AC +1, EV +1)
((You are camouflaged when in or above water. (Stealth+)))
You have tentacles for arms and can constrict up to eight enemies at once.


Message History

You constrict the iguana, but do no damage.
The iguana closely misses you.
You bludgeon the iguana! You squeeze the iguana!
You kill the iguana!
Your Fighting skill increases to level 3!
No target in view!
There is a stone staircase leading up here.
Items here: )) ††.
Things that are here:
a +0 trident; a +0 leather armour; an orc corpse An ogre comes into view.
It is wielding a +0 giant spiked club.
An ogre is nearby!
An ogre is nearby!
An ogre is nearby!
There is a blossoming altar of Fedhas here.
An ogre is nearby!
An ogre is nearby!
You catch the helpless ogre completely off-guard!
You tentacle-slap the ogre. You squeeze the ogre.
The ogre is moderately wounded.
The ogre hits you with a +0 giant spiked club!!
Ouch! That really hurt!
An ogre is nearby!
Okay, then.
Okay, then.
You tentacle-slap the ogre. Your squeeze misses the ogre.
The ogre is heavily wounded.
You barely miss the ogre.
The ogre is heavily wounded.
The ogre misses you.
You tentacle-slap the ogre.
The ogre is heavily wounded.
You barely miss the ogre.
The ogre is heavily wounded.
The ogre closely misses you.
You tentacle-slap the ogre.
The ogre is heavily wounded.
The ogre hits you with a +0 giant spiked club!!
Ouch! That really hurt!
You die...

##. #†###§..§§.#
..# #.._...#
#.######≈..≈.#
...........^..#
########.......#
##.....##
#.P.P.# #P._..#
#..h..# ##P.O##
##.## #.. ###


You could see an ogre.

Vanquished Creatures
  An ogre (D:4)
  A lemure (D:4)
  2 hounds (D:5)
  An iguana (D:5)
  Terence (D:2)
  9 adders
  2 ufetubi (D:5)
  7 dart slugs
  A ribbon worm (D:2)
  7 orcs
  6 bats
  6 endoplasms
  5 giant cockroaches (D:1)
  11 goblins
  7 hobgoblins
  6 kobolds
  6 quokkas
  9 ball pythons
  A frilled lizard (D:3)
  8 rats
97 creatures vanquished.

Notes
Turn   | Place    | Note
-------+----------+-------------------------------------------
     0 | D:1      | Killerpretzel the Octopode Shapeshifter began the quest for
                  | the Orb.
     0 | D:1      | Reached XP level 1. HP: 13/13 MP: 1/1
    50 | D:1      | Reached XP level 2. HP: 18/18 MP: 2/2
   283 | D:1      | Reached XP level 3. HP: 23/23 MP: 3/3
   972 | D:2      | Reached XP level 4. HP: 29/29 MP: 4/4
   997 | D:2      | Noticed Terence
  1003 | D:2      | Killed Terence
  1416 | D:2      | Found a faded altar of an unknown god.
  1465 | D:2      | Reached XP level 5. HP: 34/34 MP: 5/5
  1817 | D:3      | Found a hide-covered altar of Uskayaw.
  2446 | D:3      | Found a glowing silver altar of Zin.
  2628 | D:4      | Noticed an ogre
  2697 | D:4      | Noticed Edmund
  2754 | D:4      | Found an ornate altar of the Wu Jian Council.
  2798 | D:4      | Found a runed translucent door.
  2799 | D:4      | Noticed Crazy Yiuf
  2874 | D:4      | Killed an ogre
  2875 | D:4      | Reached XP level 6. HP: 41/41 MP: 6/6
  2966 | D:4      | Found a sparkling altar of Nemelex Xobeh.
  3218 | D:4      | Noticed Pikel
  3377 | D:4      | Found Vompet's Tiny Tomes.
  3587 | D:5      | Entered Level 5 of the Dungeon
  3689 | D:5      | Found a stormy altar of Qazlal.
  4088 | D:5      | Identified the +6 hand axe of the Egg {protect, rF+ rCorr
                  | Int+4}
  4130 | D:5      | Found a blossoming altar of Fedhas.
  4201 | D:5      | Demolished by an ogre

Illustrated notes

Levels and vault maps discovered:
D:1:      dpeg_arrival_court, layout_basic, minmay_worlds_worst_comb
D:2:      layout_loops_cross, shapermc_ecumenical_altar_acropolis, uniq_terence
D:3:      layout_loops_corners, nicolae_overflow_hidden_temple, zin_scriptorium
D:4:      layout_basic, nemelex_diamond_rough_becter,
          mainiacjoe_overflow_brackets, nicolae_shop_i_like_small_books_too,
          uniq_crazy_yiuf_cottage, uniq_edmund, uniq_pikel
D:5:      cheibrodos_thug_alley, layout_loops_ring,
          grunt_temple_overflow_forces_of_nature, hangedman_decor_diamond_cutter

Skill      XL: |  1  2  3  4  5  6 |
---------------+-------------------+-----
Fighting       | 2 3 |  3.0
Shapeshifting  | 4 |  4.9
Dodging        | 3 |  3.5
Unarmed Combat | 4 |  4.2

Action                     |  1- 3 |  4- 6 || total
---------------------------+-------+-------++-------
  Melee: Unarmed           |    53 |   128 ||   181
         Constrict         |    14 |    31 ||    45
         Tentacles         |     7 |    29 ||    36
         Punch             |     2 |     2 ||     4
    Use: Scroll            |     5 |     6 ||    11
         Potion            |       |     1 ||     1
   Stab: Sleeping          |    15 |    14 ||    29
         Distracted        |       |     1 ||     1
 Armour: Skin              |     8 |    60 ||    68
  Dodge: Dodged            |    20 |    90 ||   110
